 Dungeon Crawl Stone Soup version 0.28.0 (webtiles) character file.

Game seed: 13858338107432033130

228 Minsecho the Grave Robber (level 5, 0/28 HPs)
             Began as a Vampire Necromancer on Feb 14, 2022.
             Slain by a water moccasin (4 damage)
             ... on level 5 of the Dungeon.
             The game lasted 00:07:01 (5240 turns).

Minsecho the Grave Robber (Vampire Necromancer)     Turns: 5240, Time: 00:07:01

Health: 0/28       AC:  4    Str:  9    XL:     5   Next: 70%
Magic:  5/10       EV: 12    Int: 17    God:
Gold:   182        SH:  0    Dex: 15    Spells: 5/10 levels left

rFire   . . .      SeeInvis +   e - +0 short sword
rCold   + + .      Faith    .   (no shield)
rNeg    + + +      Spirit   .   m - +0 leather armour
rPois   ∞          Reflect  .   (no helmet)
rElec   .          Harm     .   (no cloak)
rCorr   +          Rampage  .   p - +0 pair of gloves
Will    .....                   (no boots)
Stlth   ++++......              (no amulet)
HPRegen 0.00/turn               s - ring of resist corrosion
MPRegen 0.12/turn               (no ring)

@: mighty, bloodless, inhibited regen, studying Short Blades
A: bloodless, fangs 3, see invisible, vampiric 2
a: Bat Form, Revivify


You were on level 5 of the Dungeon.
You visited 1 branch of the dungeon, and saw 5 of its levels.

You collected 182 gold pieces.

Inventory:

Hand Weapons
 e - a +0 short sword (weapon)
Armour
 m - a +0 leather armour (worn)
 p - a +0 pair of gloves (worn)
Jewellery
 s - a ring of resist corrosion (left hand)
 u - an amulet of faith
Wands
 q - a wand of mindburst (9)
Scrolls
 c - a scroll of brand weapon {unknown}
 f - 3 scrolls of identify {unknown}
 h - 2 scrolls of holy word {unknown}
 j - 2 scrolls of noise {unknown}
 k - a scroll of amnesia {unknown}
 l - a scroll of immolation {unknown}
 n - a scroll of enchant weapon {unknown}
 o - a scroll of vulnerability {unknown}
Potions
 a - a potion of might
 b - a potion of heal wounds {unknown}
 d - 2 potions of haste {unknown}
 g - a potion of brilliance {unknown}
 i - a potion of resistance {unknown}
 r - a potion of berserk rage {unknown}
 t - a potion of lignification {unknown}


   Skills:
 + Level 0.7 Fighting
 + Level 0.5 Short Blades
 + Level 0.9 Armour
 + Level 2.2 Dodging
 + Level 4.2 Stealth
 + Level 3.3 Spellcasting
 + Level 6.1 Necromancy


You had 5 spell levels left.
You knew the following spells:

 Your Spells              Type           Power      Damage    Failure   Level
a - Pain                  Necr           92%        1d8       1%          1
b - Animate Skeleton      Necr           46%        N/A       1%          1
c - Vampiric Draining     Necr           23%        2d7       5%          3

Your spell library contained the following spells:

 Spells                   Type           Power      Damage    Failure   Level
 Animate Dead             Necr           11%        N/A       19%         4
 Sandblast                Erth           4%         2d4       22%         1
 Passwall                 Tmut/Erth      1%         N/A       34%         2
 Agony                    Necr           23%        N/A       45%         5
 Stone Arrow              Conj/Erth      4%         3d7       56%         3


Dungeon Overview and Level Annotations

Branches:
Dungeon (5/15)
 Temple: D:4-7

Altars:
Vehumet

Annotations:
D:4 Pikel


Innate Abilities, Weirdness & Mutations

You do not regenerate when monsters are visible.
You are frail without blood (-20% HP).
You can heal yourself when you bite living creatures.
You are immune to poison.
You have razor-sharp teeth.
You have supernaturally acute eyesight. (SInv)
You are afflicted with vampirism and can become a bat while bloodless.


Message History

You kill the adder!
You pick up a manual of Short Blades and begin studying.
You see here a hobgoblin corpse.
You see here 10 stones.
f - 3 scrolls labelled HIAM FAUTSA (gained 1)
A steam dragon comes into view.
A hobgoblin, a worm and a goblin come into view.
The hobgoblin moves out of view.
The worm moves out of view.
The goblin moves out of view.
(D) Dungeon
Where to? (Enter - D:4 @ (x,y), ? - help)
There is a stone staircase leading down here.
You climb downwards.
Found a scroll labelled VEIDUAGEXA and 26 gold pieces.
There is a stone staircase leading up here.
A water moccasin is nearby!
The water moccasin hisses angrily.
The water moccasin writhes in agony.
The water moccasin barely resists.
The water moccasin writhes in agony.
The water moccasin bites you.
The water moccasin writhes in agony.
The water moccasin misses you.
The water moccasin writhes in agony.
The water moccasin bites you.
The water moccasin writhes in agony.
The water moccasin bites you. The water moccasin bites you!
You are too injured to fight recklessly!
You are too injured to fight recklessly!
You closely miss the water moccasin.
The water moccasin is severely wounded.
The water moccasin misses you.
It was a potion of might.
You feel very mighty all of a sudden. The water moccasin misses you.
The water moccasin barely misses you.
You barely miss the water moccasin.
The water moccasin is severely wounded.
The water moccasin bites you.
* * * LOW HITPOINT WARNING * * *
You hit the water moccasin.
The water moccasin is almost dead.
The water moccasin bites you.
You die...

#######
#.....##
+.....?+
#......#
#......#
#..@...#
#..S..##
#.....#
#.......
#........
...........
....$..##...
.....$..#
...


You could see a water moccasin.

Vanquished Creatures
  A hound (D:4)
  A hound skeleton (D:4)
  4 gnolls (D:3)
  6 adders
  An adder skeleton (D:4)
  4 worms
  5 dart slugs
  2 orcs
  4 ball pythons
  6 bats
  3 endoplasms
  3 giant cockroaches
  5 goblins
  4 hobgoblins
  2 jackals (D:2)
  8 kobolds
  6 quokkas
  3 frilled lizards
  4 rats
72 creatures vanquished.

Notes
Turn   | Place    | Note
-------+----------+-------------------------------------------
     0 | D:1      | Minsecho the Vampire Necromancer began the quest for the
                  | Orb.
     0 | D:1      | Reached XP level 1. HP: 13/13 MP: 3/3
   136 | D:1      | Reached XP level 2. HP: 19/19 MP: 5/5
   276 | D:1      | Learned a level 1 spell: Animate Skeleton
   449 | D:1      | Reached skill level 5 in Necromancy
  1098 | D:2      | Gained mutation: You are afflicted with vampirism and can
                  | become a bat while bloodless. [Vampire growth]
  1098 | D:2      | Reached XP level 3. HP: 19/19 MP: 3/6
  1457 | D:2      | Learned a level 3 spell: Vampiric Draining
  1678 | D:2      | Reached XP level 4. HP: 11/24 MP: 3/8
  1871 | D:2      | Found a radiant altar of Vehumet.
  3478 | D:3      | Reached XP level 5. HP: 28/28 MP: 0/9
  4185 | D:4      | Reached skill level 6 in Necromancy
  4368 | D:4      | Noticed Pikel
  4368 | D:4      | Noticed a lemure
  4368 | D:4      | Noticed a lemure
  4368 | D:4      | Noticed a lemure
  4368 | D:4      | Noticed a lemure
  5206 | D:4      | Noticed a steam dragon
  5230 | D:5      | Entered Level 5 of the Dungeon
  5230 | D:5      | Noticed a water moccasin
  5240 | D:5      | Slain by a water moccasin

Illustrated notes

Levels and vault maps discovered:
D:1:      dpeg_arrival_yet_another_circle, layout_basic
D:2:      layout_loops_ring, basic_altar
D:3:      layout_loops_ring, kennysheep_cross_room
D:4:      layout_basic, xom_confusion_cloud, grunt_ministairs_15,
          minmay_manual_macuahuitl, uniq_pikel
D:5:      minmay_evil_eye, layout_gridville, minmay_temple_entry_from_below_a,
          moated_statue, kennysheep_small_spiral,
          amcnicky_mini_rare_corridor_liquid, uniq_ijyb

Skill      XL: |  1  2  3  4  5 |
---------------+----------------+-----
Necromancy     | 5 6 |  6.1
Spellcasting   | 3 |  3.3
Stealth        | 4 |  4.2
Fighting       | |  0.7
Short Blades   | |  0.5
Armour         | |  0.9
Dodging        | |  2.2

Action                   |  1- 3 |  4- 6 || total
-------------------------+-------+-------++-------
Melee: Club              |     9 |       ||     9
       Unarmed           |     3 |       ||     3
       Short sword       |    21 |    45 ||    66
       Bite              |     2 |     4 ||     6
 Cast: Pain              |    61 |    80 ||   141
 Abil: Exsanguinate      |     1 |       ||     1
  Use: Potion            |       |     1 ||     1
 Stab: Sleeping          |     4 |     7 ||    11
       Distracted        |       |     1 ||     1
Armor: Robe              |     8 |       ||     8
       Leather armour    |       |    16 ||    16
Dodge: Dodged            |    27 |    39 ||    66
